 Dungeon Crawl Stone Soup version 0.19.0 (webtiles) character file.

9357 PurpleRed the Severer (level 11, -3/94 HPs)
             Began as a Minotaur Fighter on Nov 11, 2016.
             Was a Follower of Okawaru.
             Slain by a red ugly thing (22 damage)
             ... on level 11 of the Dungeon.
             The game lasted 00:16:04 (10916 turns).

PurpleRed the Severer (Minotaur Fighter)           Turns: 10916, Time: 00:16:05

Health: -3/94      AC: 17    Str: 22    XL:     11   Next: 22%
Magic:  10/10      EV:  4    Int:  5    God:    Okawaru [*.....]
Gold:   616        SH: 10    Dex: 15    Spells: 0 memorised, 10 levels left

rFire  . . .     SeeInvis .     a - +0 war axe
rCold  . . .     Gourm    .     D - +0 plate armour
rNeg   . . .     Faith    .     c - +0 shield
rPois  +         Spirit   .     (helmet restricted)
rElec  .         Reflect  .     i - +1 cloak
rCorr  .         Harm     +     (no gloves)
MR     .....                    (no boots)
Stlth  ..........               K - amulet of harm
                                p - ring of poison resistance
                                s - +3 ring of dexterity

@: no status effects
A: retaliatory headbutt, horns 2
a: Heroism, Renounce Religion


You were on level 11 of the Dungeon.
You worshipped Okawaru.
Okawaru was aware of your devotion.
You were not hungry.

You visited 2 branches of the dungeon, and saw 12 of its levels.

You collected 616 gold pieces.

Inventory:

Hand Weapons
 a - a +0 war axe (weapon)
 m - a +3 scythe of flaming
 u - the +3 long sword of Temperance {venom, rPois rF- rN+ MP+9}
   (You found it on level 6 of the Dungeon)

   It poisons the flesh of those it strikes.
   It makes you vulnerable to fire.
   It protects you from poison.
   It protects you from negative energy.
   It affects your magic capacity (+9).
Missiles
 y - a throwing net (quivered)
Armour
 c - a +0 shield (worn)
 i - a +1 cloak (worn)
 D - a +0 plate armour (worn)
Jewellery
 g - an uncursed ring of flight
 k - an uncursed ring of ice
 p - a ring of poison resistance (right hand)
 s - a +3 ring of dexterity (left hand)
 K - an amulet of harm (around neck)
 M - the amulet of Due Proportion {Inacc rElec rC+ Int-4 SInv Stlth+, unknown}
   (You found it on level 10 of the Dungeon)

   [amulet of inaccuracy]

   It reduces the accuracy of all your attacks.
   It affects your intelligence (-4).
   It protects you from cold.
   It insulates you from electricity.
   It lets you see invisible.
   It makes you more stealthy.
Wands
 e - a wand of disintegration (15/24)
 C - a wand of acid (9/15)
 H - a wand of random effects (24/48)
 N - a wand of lightning (7/15)
Scrolls
 j - 2 scrolls of fear
 l - a scroll of teleportation
 n - 6 scrolls of identify
 o - 3 scrolls of enchant armour
 v - a scroll of vulnerability {unknown}
 w - 3 scrolls of recharging
 z - 4 scrolls of remove curse
 F - a scroll of magic mapping
 O - a scroll of brand weapon {unknown}
 P - a scroll of immolation {unknown}
Potions
 d - 5 potions of might
 h - a potion of invisibility
 q - a potion of brilliance
 r - a potion of flight
 x - a potion of resistance
 B - a potion of mutation {unknown}
 J - 2 potions of ambrosia {unknown}
Books
 E - a book of Necromancy

   Spells                             Type                      Level
   a - Pain                           Necromancy                   1
   b - Animate Skeleton               Necromancy                   1
   c - Vampiric Draining              Necromancy                   3
   d - Regeneration                   Charms/Necromancy            3
   e - Animate Dead                   Necromancy                   4
   f - Control Undead                 Necromancy                   4
 I - the Papyrus of Aid
   (You found it on level 9 of the Dungeon)

   Spells                             Type                      Level
   a - Infusion                       Charms                       1
   b - Swiftness                      Charms/Air                   2
   c - Shroud of Golubria             Charms/Translocation         2
   d - Regeneration                   Charms/Necromancy            3
   e - Spectral Weapon                Hexes/Charms                 3
   f - Iskenderun's Battlesphere      Conjuration/Charms           5
Comestibles
 b - 4 meat rations
 f - 16 bread rations
 t - a slice of pizza
 A - 4 beef jerkies
 G - 7 fruits


   Skills:
 * Level 7.8 Fighting
 * Level 16.2 Axes
 + Level 10.5 Armour
 - Level 3.6 Shields


You had 10 spell levels left.
You didn't know any spells.

Dungeon Overview and Level Annotations

Branches:
Dungeon (11/15)            Temple (1/1) D:6            Lair (0/6) D:8
    Orc: D:9-12

Altars:
Ashenzari
Cheibriados
Dithmenos
Elyvilon
Fedhas
Gozag
Hepliaklqana
Kikubaaqudgha
Makhleb
Nemelex Xobeh
Okawaru
Qazlal
Ru
Sif Muna
Trog
Uskayaw
Vehumet
Xom
Yredelemnul
Zin
The Shining One

Annotations:
D:10 1 runed door


Innate Abilities, Weirdness & Mutations

You reflexively headbutt those who attack you in melee.
You have a pair of horns on your head.


Message History

You are too injured to fight recklessly!
You are too injured to fight recklessly!
You are too injured to fight recklessly!
You are too injured to fight recklessly!
You are too injured to fight recklessly!
You hit the red ugly thing but do no damage.
The red ugly thing is severely wounded.
The red ugly thing bites you but does no damage.
You slash the red ugly thing! You headbutt the red ugly thing.
The red ugly thing is almost dead.
The red ugly thing bites you.
You are engulfed in flames!!
* * * LOW HITPOINT WARNING * * *
Your plate armour prevents you from hitting the red ugly thing.
You headbutt the red ugly thing.
The red ugly thing is almost dead.
You block the red ugly thing's attack.
You feel much better. The red ugly thing bites you!
* * * LOW HITPOINT WARNING * * *
You are engulfed in flames!!
You die...

#.. +##+#.. ....?.
....#########
#...#........
#...#........ .
#...#........ ...
#..u#........ ...
#..@#'##### ...
#.........#######...
.......................
........................
.........^..........†...
............<.(.........
........................
#.......................
.......########'##+####


You could see a red ugly thing.

Vanquished Creatures
  A hill giant (D:10)
  Pikel (D:4)
  Psyche (D:8)
  Joseph (D:7)
  The ghost of chickenpie the Chopper, an amateur MiFi of Okawaru (D:5)
  3 trolls
  Grinder (D:5)
  A hippogriff (D:10)
  Sigmund (D:5)
  A spriggan (D:7)
  6 yaks
  The ghost of PrincessPwny the Spear-Bearer, an amateur MfCK of Xom (D:4)
  A steam dragon (D:9)
  Menkaure (D:5)
  A water moccasin (D:7)
  2 orc warriors
  A slave (D:5)
  A black bear (D:7)
  6 ice beasts
  3 sky beasts
  3 phantoms
  7 ogres
  A crocodile (D:9)
  A big kobold (D:10)
  4 bullfrogs
  6 scorpions
  A water moccasin skeleton (D:7)
  5 killer bees
  3 crimson imps
  A howler monkey (D:10)
  A bullfrog zombie (D:5)
  4 bullfrog skeletons
  A centaur skeleton (D:6)
  2 centaur zombies
  2 hounds
  3 jellies
  9 orc wizards
  2 gnoll shamans (D:5)
  6 orc priests
  2 iguanas
  11 worker ants
  A killer bee zombie (D:9)
  A hound skeleton (D:4)
  35 gnolls (D:5)
  13 adders
  2 shadow imps
  2 oozes
  An adder zombie (D:8)
  A worm (D:2)
  A dart slug (D:2)
  3 leopard geckos
  31 orcs
  6 bats
  12 giant cockroaches
  4 goblins
  8 hobgoblins
  28 jackals
  7 quokkas
  2 ball pythons (D:1)
  5 frilled lizards
  16 kobolds
  A leopard gecko skeleton (D:5)
  A leopard gecko zombie (D:7)
  6 rats
  8 fungi (D:8)
  A plant (D:8)
306 creatures vanquished.

Vanquished Creatures (others)
  A slave (D:5)
  A gnoll (D:5)
2 creatures vanquished.

Grand Total: 308 creatures vanquished

Notes
Turn   | Place    | Note
-------+----------+-------------------------------------------
     0 | D:1      | PurpleRed the Minotaur Fighter began the quest for the Orb.
     0 | D:1      | Reached XP level 1. HP: 19/19 MP: 0/0
    38 | D:1      | Reached skill level 3 in Axes
    64 | D:1      | Reached XP level 2. HP: 27/27 MP: 1/1
   417 | D:1      | Found a snail-covered altar of Cheibriados.
  1003 | D:2      | Reached skill level 4 in Axes
  1003 | D:2      | Reached XP level 3. HP: 28/33 MP: 2/2
  1113 | D:2      | Found a faded altar of an unknown god.
  1366 | D:2      | Reached XP level 4. HP: 40/40 MP: 3/3
  1659 | D:3      | Reached skill level 5 in Axes
  2105 | D:3      | Reached XP level 5. HP: 25/47 MP: 4/4
  2327 | D:3      | Reached skill level 5 in Fighting
  2597 | D:3      | Found a white marble altar of Elyvilon.
  2695 | D:3      | Found a bloodstained altar of Trog.
  2872 | D:4      | Reached skill level 6 in Axes
  3098 | D:4      | Reached XP level 6. HP: 28/56 MP: 5/5
  3288 | D:4      | Noticed PrincessPwny's ghost (amateur MfCK)
  3292 | D:5      | Entered Level 5 of the Dungeon
  3397 | D:5      | Reached skill level 7 in Axes
  3524 | D:5      | Noticed Menkaure
  3542 | D:5      | Killed Menkaure
  3542 | D:5      | Reached XP level 7. HP: 24/63 MP: 6/6
  3581 | D:5      | Noticed chickenpie's ghost (amateur MiFi)
  3662 | D:5      | Reached skill level 8 in Axes
  3772 | D:5      | Found a deep blue altar of Sif Muna.
  3823 | D:5      | Noticed Sigmund
  4054 | D:5      | Noticed Grinder
  4084 | D:5      | Paralysed by Grinder for 5 turns
  4094 | D:5      | Killed Grinder
  4094 | D:5      | Reached skill level 9 in Axes
  4094 | D:5      | Reached XP level 8. HP: 51/73 MP: 7/7
  4199 | D:5      | Killed chickenpie's ghost
  4199 | D:5      | Reached skill level 10 in Axes
  4245 | D:5      | Noticed Pikel
  4564 | D:4      | Killed PrincessPwny's ghost
  4968 | D:4      | Got a faintly glowing ring mail
  5008 | D:5      | Killed Sigmund
  5015 | D:5      | Reached skill level 11 in Axes
  5388 | D:4      | Killed Pikel
  5388 | D:4      | Reached skill level 5 in Armour
  5388 | D:4      | Reached XP level 9. HP: 77/80 MP: 8/8
  5402 | D:5      | Found a shimmering altar of Xom.
  5403 | D:5      | Found a shimmering altar of Xom.
  5403 | D:5      | Found a shimmering altar of Xom.
  5404 | D:5      | Found a shimmering altar of Xom.
  5410 | D:5      | Found a shimmering altar of Xom.
  5411 | D:5      | Found a shimmering altar of Xom.
  5653 | D:5      | Reached skill level 12 in Axes
  5929 | D:6      | Got a dazzling long sword
  5950 | D:6      | Identified the +3 long sword of Temperance {venom, rPois rF- rN+ MP+9} (You found it on level 6 of the Dungeon)
  5962 | D:6      | Identified the cursed +0 ring mail "Nivvator" {-Tele rElec rPois Str+6 Int-4} (You found it on level 4 of the Dungeon)
  6130 | D:6      | Found a snail-covered altar of Cheibriados.
  6164 | D:6      | Found a deep blue altar of Sif Muna.
  6194 | D:6      | Found a runed door.
  6266 | D:6      | Found a staircase to the Ecumenical Temple.
  6312 | Temple   | Entered the Ecumenical Temple
  6629 | D:6      | Reached skill level 13 in Axes
  6700 | D:6      | Found a runed door.
  6902 | D:7      | Found a sacrificial altar of Ru.
  6923 | D:7      | Found a blossoming altar of Fedhas.
  6933 | D:7      | Noticed Joseph
  6959 | D:7      | Killed Joseph
  7090 | D:7      | Reached XP level 10. HP: 79/88 MP: 9/9
  7303 | D:7      | Reached skill level 14 in Axes
  7702 | D:8      | Found a staircase to the Lair.
  8172 | D:8      | Noticed Psyche
  8182 | D:8      | Killed Psyche
  8274 | D:8      | Found a burning altar of Makhleb.
  8600 | D:9      | Identified the Papyrus of Aid
  8614 | D:9      | Reached skill level 15 in Axes
  9239 | D:8      | Reached skill level 10 in Armour
  9241 | D:8      | HP: 4/88 [troll (6)]
  9639 | D:9      | Found a stormy altar of Qazlal.
  9666 | D:9      | Found an iron altar of Okawaru.
  9675 | D:9      | Became a worshipper of Warmaster Okawaru
  9705 | D:9      | Reached XP level 11. HP: 93/93 MP: 10/10
  9894 | D:10     | Entered Level 10 of the Dungeon
  9894 | D:10     | Noticed a hill giant
  9899 | D:10     | Killed a hill giant
  9929 | D:10     | Got a clouded silver amulet
  9947 | D:10     | Reached skill level 16 in Axes
 10005 | D:10     | Reached * piety under Okawaru
 10043 | D:10     | Found a runed door.
 10043 | D:10     | Noticed a deep elf knight
 10043 | D:10     | Noticed a deep elf mage
 10043 | D:10     | Noticed a fire crab
 10045 | D:10     | Noticed an ettin
 10045 | D:10     | Noticed a yaktaur captain
 10045 | D:10     | Noticed a yaktaur captain
 10045 | D:10     | Noticed a deep troll earth mage
 10045 | D:10     | Noticed a stone giant
 10901 | D:11     | Noticed a red ugly thing
 10916 | D:11     | Slain by a red ugly thing

Skill      XL: |  1  2  3  4  5  6  7  8  9 10 11 |
---------------+----------------------------------+-----
Axes           | 3 4 5 6 7 9 11 13 15 16 | 16.2
Fighting       | 4 5 6 7 |  7.8
Armour         | 5 8 10 | 10.5
Shields        | |  3.6

Action                   |  1- 3 |  4- 6 |  7- 9 | 10-12 || total
-------------------------+-------+-------+-------+-------++-------
Melee: War axe           |    75 |   142 |   406 |   350 ||   973
       Headbutt          |    10 |    20 |    87 |    98 ||   215
  Use: Potion            |       |     2 |       |     2 ||     4
       Scroll            |       |    10 |     5 |       ||    15
  Eat: Chunk             |     1 |     8 |    12 |    12 ||    33
Armor: Scale mail        |    33 |    49 |       |       ||    82
       Chain mail        |       |    15 |   188 |    16 ||   219
       Plate armour      |       |       |       |   147 ||   147
Dodge: Dodged            |    34 |    51 |    55 |    35 ||   175
Block: Shield            |    36 |    78 |   163 |   161 ||   438
